Map: [TLMC19] Crimson King

Players

Nice - Winner!

  • Race: Protoss Protoss
  • Spawn Location: 1:00

BlyOnFire (Bly)

  • Race: Zerg Zerg
  • Spawn Location: 7:00

VOD

Have the link to the VOD?

Description

Time

  • Played on: Dec. 19, 2023, 8:09 a.m.
  • Length: 24:07
Show
View Real Time Build Order
Export as new Build Order

Nice Protoss - Winner!

Build Orders:  

Get SALT Encoding   

  12  0:03  Probe  
  13  0:15  Probe  
  14  0:21  Pylon  
  14  0:27  Probe  
  15  0:39  Probe (Chrono Boost)  
  15  0:40  Gateway  
  17  0:50  Assimilator, Probe (Chrono Boost)  
  17  0:55  Probe (Chrono Boost)  
  18  1:06  Probe  
  19  1:18  Probe  
  20  1:27  Zealot (Chrono Boost)  
  20  1:29  Cybernetics Core  
  20  1:30  Probe  
  20  1:31  Pylon  
  23  2:04  Adept (Chrono Boost)  
  23  2:07  Nexus  
  25  2:12  Assimilator  
  25  2:16  Warp Gate (Chrono Boost), Probe  
  26  2:27  Adept  
  26  2:28  Probe  
  29  2:38  Pylon  
  29  2:40  Probe  
  30  2:52  Probe  
  30  2:57  Stalker  
  33  3:04  Probe  
  34  3:12  Gateway  
  34  3:16  Gateway, Probe  
  35  3:23  Probe  
  36  3:27  Adept  
  36  3:43  Probe  
  36  3:47  Probe  
  36  3:57  Probe (Chrono Boost)  
  36  3:59  Probe (Chrono Boost)  
  38  4:07  Stargate  
  40  4:10  Stargate  
  40  4:12  Adept x2, Probe (Chrono Boost)  
  40  4:13  Adept  
  40  4:14  Probe (Chrono Boost)  
  46  4:20  Probe  
  46  4:23  Probe  
  48  4:28  Pylon  
  48  4:32  Probe  
  49  4:41  Probe  
  49  4:43  Assimilator  
  49  4:44  Probe  
  49  4:45  Assimilator  
  51  4:49  Pylon  
  51  4:52  Phoenix (Chrono Boost)  
  53  4:54  Phoenix (Chrono Boost)  
  53  4:56  Probe x2  
  57  5:06  Adept  
  59  5:07  Adept, Pylon  
  59  5:08  Probe  
  59  5:11  Phoenix (Chrono Boost)  
  64  5:18  Phoenix (Chrono Boost)  
  66  5:30  Adept x2  
  66  5:33  Phoenix (Chrono Boost)  
  72  5:38  Shield Battery  
  72  6:00  Phoenix (Chrono Boost)  
  72  6:02  Phoenix (Chrono Boost)  
  70  6:12  Probe x2  
  70  6:15  Protoss Air Weapons Level 1, Pylon  
  70  6:16  Pylon  
  72  6:19  Forge  
  72  6:23  Phoenix (Chrono Boost)  
  72  6:24  Probe  
  75  6:28  Probe  
  75  6:31  Phoenix (Chrono Boost)  
  78  6:34  Adept x3  
  78  6:36  Probe  
  85  6:51  Phoenix (Chrono Boost)  
  85  6:53  Phoenix (Chrono Boost)  
  87  6:55  Zealot x2  
  87  6:56  Zealot  
  93  7:33  Pylon  
  93  7:35  Pylon  
  93  7:36  Nexus, Pylon  
  93  7:37  Robotics Facility, Pylon  
  93  7:39  Pylon  
  93  7:40  Robotics Facility  
  93  7:42  Probe  
  94  7:44  Pylon  
  94  7:51  Probe, Phoenix x2  
  94  7:54  Probe  
  100  8:03  Probe  
  99  8:06  Probe  
  99  8:08  Shield Battery  
  100  8:14  Gateway  
  100  8:15  Sentry  
  100  8:16  Probe  
  100  8:17  Stalker, Sentry  
  100  8:18  Probe  
  112  8:20  Pylon  
  112  8:25  Immortal (Chrono Boost)  
  112  8:28  Probe  
  112  8:29  Robotics Bay  
  112  8:31  Immortal (Chrono Boost)  
  112  8:32  Probe  
  118  8:40  Probe  
  119  8:52  Probe x2  
  119  8:53  Probe  
  119  8:54  Immortal (Chrono Boost)  
  118  8:56  Shield Battery  
  122  9:04  Probe  
  122  9:05  Probe  
  122  9:09  Shield Battery  
  124  9:10  Assimilator  
  124  9:11  Assimilator  
  124  9:12  Shield Battery, Pylon  
  125  9:20  Observer (Chrono Boost)  
  125  9:22  Disruptor (Chrono Boost)  
  125  9:26  Sentry x3  
  125  9:45  Immortal (Chrono Boost)  
  111  9:55  Stalker  
  111  9:56  Stalker x2  
  111  9:58  Immortal (Chrono Boost)  
  103  10:14  Extended Thermal Lance  
  103  10:18  Gateway x2  
  103  10:21  Gateway  
  103  10:35  Stalker  
  103  10:36  Stalker x2  
  109  10:47  Protoss Ground Weapons Level 1 (Chrono Boost)  
  106  10:52  Photon Cannon  
  106  10:54  Photon Cannon  
  106  10:55  Twilight Council  
  110  10:57  Immortal  
  110  11:03  Zealot  
  112  11:10  Gateway  
  112  11:11  Gateway  
  112  11:12  Photon Cannon  
  112  11:14  Pylon  
  118  11:18  Colossus (Chrono Boost)  
  118  11:28  Charge (Chrono Boost)  
  118  11:31  Forge  
  118  11:39  Colossus (Chrono Boost)  
  122  12:07  Stalker x2  
  126  12:08  Observer  
  130  12:16  Colossus (Chrono Boost)  
  130  12:21  Nexus, Pylon  
  130  12:28  Probe x3  
  133  12:32  Gateway  
  133  12:34  Photon Cannon  
  133  12:36  Shield Battery, Photon Cannon  
  133  12:37  Colossus  
  133  12:38  Protoss Ground Armor Level 1 (Chrono Boost)  
  133  12:40  Probe x3  
  133  12:42  Templar Archives  
  142  12:50  Protoss Ground Weapons Level 2 (Chrono Boost)  
  138  12:59  Probe x2  
  138  13:01  Shield Battery  
  138  13:02  Shield Battery  
  138  13:04  Pylon  
  140  13:07  Probe  
  140  13:11  Sentry x3, Probe x2  
  147  13:22  Psionic Storm  
  147  13:27  Zealot  
  147  13:29  Probe x3  
  147  13:30  Shield Battery  
  152  13:34  Photon Cannon  
  152  13:40  Assimilator, Probe  
  152  13:41  Probe  
  154  13:43  Colossus  
  160  13:51  Assimilator  
  160  13:59  High Templar x2  
  162  14:06  Pylon x2  
  162  14:10  High Templar x2  
  166  14:18  Photon Cannon  
  154  14:32  High Templar x2  
  154  14:37  Protoss Shields Level 1 (Chrono Boost)  
  154  14:39  Zealot x6  
  160  14:48  Archon  
  160  14:49  Probe x4  
  148  14:55  Immortal  
  148  14:56  High Templar  
  148  14:57  High Templar  
  156  15:01  Probe x4  
  154  15:13  High Templar, Probe  
  154  15:14  High Templar  
  147  15:15  Pylon  
  147  15:22  Zealot  
  147  15:23  Zealot  
  149  15:29  High Templar x2  
  149  15:48  Stalker x4  
  149  15:49  Stalker x4  
  154  16:02  Probe x2  
  154  16:03  Protoss Ground Armor Level 2 (Chrono Boost)  
  154  16:04  Zealot  
  154  16:08  Archon x2  
  154  16:11  Probe x2  
  139  16:12  Zealot x8  
  139  16:14  Probe  
  157  16:26  Observer  
  157  16:37  Zealot x7  
  171  16:53  High Templar  
  171  16:54  High Templar  
  175  16:59  Archon  
  123  17:21  High Templar x4  
  123  17:22  Zealot x3  
  97  17:30  Archon x2  
  105  17:38  Immortal (Chrono Boost)  
  105  17:40  Immortal (Chrono Boost)  
  105  17:49  Zealot x4, High Templar  
  115  17:53  Nexus  
  115  17:54  Pylon  
  112  18:09  Immortal x2  
  112  18:10  Zealot  
  112  18:11  Zealot x7  
  125  18:21  Protoss Ground Weapons Level 3  
  125  18:28  High Templar  
  123  18:46  Immortal x2 (Chrono Boost)  
  123  18:47  High Templar  
  121  18:56  High Templar  
  121  19:13  Zealot x4  
  127  19:17  Nexus, Immortal  
  127  19:18  Immortal  
  127  19:19  Pylon  
  127  19:22  Zealot x3  
  130  19:37  High Templar x2  
  128  20:00  Immortal x2 (Chrono Boost)  
  128  20:01  Nexus  
  128  20:03  Pylon  
  110  20:15  Archon  
  96  20:24  Zealot x5  
  98  20:38  High Templar x2  
  98  20:39  High Templar  
  98  20:41  High Templar  
  106  20:45  Archon  
  106  20:46  Archon  
  106  20:49  Assimilator  
  106  20:55  Photon Cannon  
  106  20:56  Shield Battery  
  106  21:04  Immortal x2 (Chrono Boost)  
  112  21:35  High Templar x2  
  116  21:45  Probe x5  
  121  21:52  Pylon  
  121  21:53  High Templar  
  123  21:55  Pylon  
  123  21:57  Probe  
  123  21:58  Zealot  
  125  22:06  Pylon  
  125  22:10  Photon Cannon  
  125  22:11  Shield Battery  
  125  22:15  Immortal x2 (Chrono Boost)  
  133  22:19  High Templar  
  135  22:25  Shield Battery  
  133  22:43  Nexus  
  133  22:44  Probe x2  
  133  22:45  Probe x3  
  133  22:47  Assimilator  
  133  22:51  Assimilator  
  138  22:56  Probe  
  138  22:57  Probe x4  
  139  23:05  Photon Cannon  
  139  23:06  Shield Battery  
  138  23:17  High Templar x2  
  142  23:22  Zealot  
  142  23:25  Archon  
Show
View Real Time Build Order
Export as new Build Order

BlyOnFire Zerg 

Build Orders: 3 Hatch before Pool 

Get SALT Encoding   

  12  0:01  Drone  
  13  0:12  Overlord  
  13  0:18  Drone  
  14  0:32  Drone x2  
  16  0:50  Hatchery  
  16  0:55  Drone  
  16  0:56  Drone  
  17  1:18  Hatchery  
  17  1:23  Drone  
  17  1:27  Drone  
  18  1:37  Extractor  
  17  1:42  Spawning Pool  
  17  1:45  Drone  
  17  1:48  Drone  
  17  1:52  Drone  
  19  1:56  Drone  
  21  2:08  Overlord  
  21  2:20  Drone x2  
  23  2:30  Zergling x2, Queen x2  
  23  2:31  Zergling x4  
  30  2:40  Hatchery  
  29  2:45  Metabolic Boost  
  29  2:53  Drone  
  29  2:54  Drone x2  
  29  2:55  Drone  
  33  3:01  Overlord  
  33  3:07  Zergling x4  
  35  3:20  Zergling x4  
  35  3:24  Queen  
  33  3:46  Drone x9  
  42  3:55  Queen  
  40  4:00  Zergling x6  
  43  4:12  Drone x3  
  46  4:17  Drone  
  46  4:18  Drone x2  
  49  4:30  Overlord  
  49  4:40  Overlord  
  49  4:42  Extractor  
  49  4:43  Roach Warren  
  49  4:45  Extractor  
  46  4:47  Zergling x6  
  46  4:48  Zergling x16  
  57  4:58  Overlord x2  
  57  5:01  Drone  
  57  5:02  Drone  
  60  5:17  Drone x10  
  70  5:26  Drone  
  70  5:27  Drone  
  72  5:29  Queen x3  
  72  5:33  Overlord  
  78  5:48  Evolution Chamber  
  75  5:55  Drone x9  
  81  6:02  Spore Crawler  
  79  6:07  Zergling x6  
  79  6:08  Zergling x6  
  83  6:12  Lair  
  83  6:15  Spore Crawler  
  83  6:16  Queen x2  
  86  6:26  Spore Crawler x2  
  86  6:28  Spore Crawler  
  86  6:29  Overlord x3  
  86  6:30  Spore Crawler  
  82  6:36  Overlord x4  
  82  6:41  Spore Crawler  
  76  6:48  Drone x8  
  76  6:50  Drone x2  
  84  6:58  Drone x5  
  89  7:05  Drone x3  
  92  7:11  Extractor  
  92  7:12  Drone x2  
  92  7:13  Baneling Nest  
  92  7:14  Glial Reconstitution  
  92  7:17  Extractor  
  92  7:18  Extractor  
  92  7:22  Drone x3  
  89  7:28  Spore Crawler  
  85  7:39  Roach x6  
  97  7:49  Roach  
  97  7:50  Roach x6  
  109  8:05  Roach x2  
  113  8:06  Overlord x3  
  111  8:16  Extractor  
  110  8:20  Hatchery  
  110  8:23  Baneling x13  
  107  8:42  Roach x9  
  116  8:56  Hydralisk Den  
  116  8:59  Roach x3  
  121  9:07  Roach x3  
  121  9:08  Tunneling Claws  
  121  9:09  Burrow  
  127  9:12  Baneling  
  127  9:15  Zergling x6  
  130  9:23  Baneling x4  
  124  9:24  Baneling, Hatchery  
  124  9:26  Zergling x6  
  124  9:27  Queen x2  
  118  9:41  Roach x8  
  101  9:59  Roach x5  
  102  10:03  Queen  
  96  10:09  Drone x6  
  96  10:13  Drone x7  
  109  10:18  Roach x7  
  109  10:26  Baneling x3, Roach  
  109  10:27  Roach x6  
  119  10:33  Roach  
  111  10:46  Drone x15  
  111  10:47  Extractor  
  111  10:48  Spore Crawler x2  
  113  10:54  Grooved Spines  
  113  10:59  Evolution Chamber  
  113  11:02  Evolution Chamber  
  111  11:13  Hydralisk x12  
  135  11:24  Zerg Missile Weapons Level 1  
  130  11:29  Zerg Melee Weapons Level 1  
  130  11:33  Roach x4  
  130  11:38  Hydralisk  
  130  11:39  Hydralisk x5  
  139  11:41  Overlord  
  139  11:42  Overlord x2  
  139  11:43  Zergling x4, Overlord  
  139  11:45  Muscular Augments  
  134  12:05  Centrifugal Hooks, Drone x17  
  145  12:12  Overseer  
  145  12:21  Zergling x2  
  145  12:22  Zergling x12  
  148  12:39  Spore Crawler  
  148  12:41  Baneling x5  
  148  12:42  Baneling x13  
  148  12:43  Ravager x3  
  150  12:44  Hydralisk x6  
  150  12:45  Zergling x20  
  172  13:01  Zergling x4  
  172  13:02  Overlord x6  
  171  13:28  Zerg Missile Weapons Level 2, Zerg Melee Weapons Level 2  
  171  13:30  Zergling x42, Infestation Pit  
  171  13:33  Baneling x20  
  191  13:43  Overlord  
  188  14:09  Hive  
  188  14:11  Spire  
  188  14:15  Extractor x2  
  185  14:19  Zergling x34  
  185  14:20  Overlord  
  185  14:22  Hatchery  
  189  14:30  Zergling x20  
  168  14:49  Zergling x28  
  168  14:50  Zergling x2  
  160  15:14  Hatchery  
  157  15:24  Adrenal Glands  
  157  15:26  Zergling x14  
  157  15:27  Zergling x24  
  176  15:29  Ultralisk Cavern  
  164  15:43  Overseer  
  90  16:16  Ultralisk x6  
  90  16:18  Zergling x2, Ultralisk x5  
  153  16:19  Zergling x2  
  153  16:20  Zergling x22  
  164  16:30  Spore Crawler  
  164  16:31  Spore Crawler  
  156  16:37  Zergling x18  
  155  16:48  Baneling x17  
  155  16:49  Zergling x8  
  155  16:54  Zergling x18  
  168  16:56  Baneling  
  168  16:57  Baneling  
  123  17:09  Roach x3  
  123  17:12  Zergling x16  
  100  17:26  Zergling x18, Ultralisk x3  
  124  17:45  Ultralisk x2  
  136  17:53  Baneling x6  
  136  18:01  Zergling x30  
  136  18:02  Zergling x2  
  132  18:24  Ultralisk x2  
  132  18:25  Ultralisk  
  133  18:29  Baneling x4  
  133  18:30  Baneling  
  133  18:34  Drone  
  133  18:35  Drone x3  
  134  18:58  Zergling x2  
  134  18:59  Zergling x32, Roach x2  
  148  19:16  Infestor x2  
  150  19:28  Baneling x12  
  150  19:29  Overseer  
  144  19:34  Hatchery  
  136  19:50  Drone  
  136  19:51  Drone x2  
  139  19:55  Zergling x16  
  142  20:01  Hatchery  
  97  20:21  Ultralisk  
  63  20:36  Zergling x10, Ultralisk  
  73  21:01  Baneling x2  
  73  21:03  Baneling x7  
  71  21:04  Infestor x2  
  75  21:11  Infestor  
  68  21:33  Infestor x2  
  68  21:34  Neural Parasite  
  72  22:05  Infestor x3  
  72  22:07  Zergling x22  
  88  22:22  Overseer  
  85  22:39  Zergling x20  
  85  22:41  Extractor  
  85  22:43  Extractor  
  92  22:52  Zergling x12  
  98  23:02  Zergling x8  
  101  23:09  Infestor  
  59  23:45  Zergling x24  
Tags
 
Add a new tag
Caveats
  • Supply blocks, unpowered buildings, or Contaminate may cause inaccurate times.
  • Supply counts are checked every 10 seconds.